Map: Cyber Forest LE

Players

Special

  • Race: Terran Terran
  • League: Master
  • Spawn Location: 5:00

TIME (Oliveira) - Winner!

  • Race: Terran Terran
  • Spawn Location: 11:00

Event: 2019 WCS Spring

VOD

Have the link to the VOD?

Description

Time

  • Played on: May 17, 2019, 1:52 p.m.
  • Length: 6:43

All games in this series

Show
View Real Time Build Order
Export as new Build Order

Special Terran 

Build Orders: Liberator Opening 

Get SALT Encoding   

  12  0:00  SCV  
  13  0:12  SCV  
  14  0:17  Supply Depot  
  14  0:24  SCV  
  14  0:28  Refinery  
  15  0:38  SCV  
  16  0:45  Barracks  
  16  0:51  SCV  
  16  0:55  Refinery  
  17  1:03  SCV  
  18  1:15  SCV  
  20  1:33  Orbital Command, Factory  
  20  1:35  Reaper  
  20  1:59  SCV  
  21  2:07  Reaper  
  22  2:11  Supply Depot  
  22  2:23  Command Center  
  22  2:25  SCV  
  23  2:33  Hellion  
  25  2:37  Starport  
  25  2:39  SCV  
  25  2:42  Barracks Reactor  
  26  2:51  SCV  
  26  2:54  Widow Mine, Supply Depot  
  29  2:58  Liberator  
  29  3:04  SCV  
  30  3:15  Factory Tech Lab  
  30  3:16  SCV  
  30  3:18  Marine x2  
  36  3:28  SCV  
  37  3:34  Refinery  
  37  3:35  Orbital Command  
  37  3:40  SCV  
  38  3:43  Siege Tank  
  38  3:47  Marine x2  
  43  3:52  SCV  
  44  4:01  SCV  
  45  4:04  SCV  
  45  4:06  Supply Depot, Marine x2  
  48  4:13  SCV  
  48  4:16  SCV  
  50  4:18  Siege Tank  
  53  4:25  SCV  
  53  4:28  SCV, Medivac, Marine  
  58  4:32  Supply Depot  
  58  4:37  SCV  
  57  4:39  Marine  
  57  4:40  SCV  
  59  4:50  SCV  
  61  4:52  SCV  
  61  4:56  Supply Depot  
  61  4:59  Marine  
  58  5:00  Marine  
  58  5:02  SCV  
  58  5:05  SCV  
  62  5:09  Factory Tech Lab  
  62  5:14  SCV, Raven  
  65  5:15  Command Center  
  65  5:17  Marine x2  
  65  5:21  SCV  
  68  5:23  Supply Depot  
  68  5:26  SCV  
  69  5:29  Siege Tank  
  69  5:33  SCV  
  73  5:37  Marine x2  
  73  5:38  SCV  
  76  5:45  SCV  
  76  5:47  Refinery  
  75  5:50  SCV  
  75  5:55  Marine  
  75  5:56  Marine  
  63  5:57  SCV  
  63  5:58  Raven  
  63  6:01  Siege Tank  
  63  6:02  SCV  
  67  6:09  SCV  
  68  6:13  Marine x2  
  68  6:14  SCV  
  68  6:15  Barracks  
  68  6:17  Barracks  
  71  6:21  SCV  
  72  6:26  SCV  
  72  6:29  Engineering Bay  
  72  6:30  Engineering Bay  
Show
View Real Time Build Order
Export as new Build Order

TIME Terran - Winner!

Build Orders:  

Get SALT Encoding   

  12  0:00  SCV  
  13  0:12  SCV  
  14  0:18  Supply Depot  
  14  0:25  SCV  
  15  0:29  Refinery  
  15  0:39  SCV  
  16  0:45  Barracks  
  16  0:51  SCV  
  17  0:57  Refinery  
  17  1:03  SCV  
  18  1:15  SCV  
  19  1:32  Orbital Command  
  19  1:34  Factory  
  19  1:35  Barracks Reactor  
  19  1:43  Supply Depot  
  19  1:57  SCV  
  20  2:10  SCV  
  20  2:12  Reaper x2  
  23  2:19  Hellion  
  25  2:29  Command Center  
  25  2:31  SCV  
  26  2:40  Starport  
  26  2:41  Factory Tech Lab  
  26  2:45  SCV  
  26  2:47  Marine  
  26  2:50  Marine  
  29  2:57  SCV  
  31  3:11  Factory Tech Lab, Supply Depot  
  31  3:13  SCV  
  31  3:22  Refinery  
  31  3:32  Raven, Marine x2  
  31  3:33  SCV  
  36  3:35  Cyclone  
  36  3:40  Orbital Command  
  39  3:45  SCV  
  40  3:50  Marine x2  
  42  3:57  SCV  
  43  4:06  SCV, Supply Depot  
  43  4:08  Siege Tank  
  43  4:09  SCV  
  48  4:12  Marine  
  48  4:14  Marine  
  50  4:17  Raven  
  50  4:23  SCV x2  
  54  4:28  Supply Depot  
  52  4:36  SCV  
  53  4:39  SCV  
  53  4:41  Siege Tank  
  56  4:49  SCV  
  56  4:54  SCV  
  57  5:01  SCV  
  57  5:06  SCV  
  59  5:12  Viking x2, Marine  
  59  5:13  SCV  
  65  5:18  SCV  
  66  5:21  Supply Depot  
  66  5:25  SCV  
  66  5:27  Siege Tank  
  70  5:30  Command Center  
  70  5:31  Refinery  
  70  5:34  Supply Depot  
  68  5:37  SCV  
  67  5:46  SCV  
  68  5:56  SCV  
  69  6:04  Marine  
  69  6:05  Supply Depot x2  
  70  6:20  Barracks  
  70  6:22  Barracks  
  70  6:27  SCV x2  
Tags
 
Add a new tag
Caveats
  • Supply blocks, unpowered buildings, or Contaminate may cause inaccurate times.
  • Supply counts are checked every 10 seconds.